 Dungeon Crawl Stone Soup version 0.17.1-1-g73c8601 (webtiles) character file.

189 xsubs0nicx the Skirmisher (level 5, -1/48 HPs)
             Began as a Minotaur Fighter on Dec 23, 2015.
             Was a Follower of Qazlal.
             Killed by divine providence
             ... invoked by an orc priest
              (11 damage)
             ... on level 4 of the Dungeon.
             The game lasted 00:16:43 (2701 turns).

xsubs0nicx the Skirmisher (Minotaur Fighter)        Turns: 2701, Time: 00:16:43

Health: -1/48      AC:  7    Str: 21    XL:     5   Next: 40%
Magic:  19/19      EV:  7    Int:  5    God:    Qazlal [*.....]
Gold:   241        SH: 12    Dex: 14    Spells: 0 memorised, 4 levels left

rFire  . . .     SeeInvis .     k - staff of power
rCold  . . .     Clarity  .     b - +0 scale mail
rNeg   . . .     SustAt   .     c - +0 shield
rPois  .         Gourm    .     (helmet restricted)
rElec  .         Spirit   .     (no cloak)
rCorr  .         Warding  .     (no gloves)
rMut   .         Stasis   .     (no boots)
MR     .....                    (no amulet)
Stlth  ..........               (no ring)
                                s - +4 ring of dexterity

@: not resistant to hostile enchantments, extremely unstealthy
A: retaliatory headbutt, horns 2
a: Renounce Religion


You were on level 4 of the Dungeon.
You worshipped Qazlal.
Qazlal was aware of your devotion.
You were not hungry.

You visited 1 branch of the dungeon, and saw 4 of its levels.

You collected 241 gold pieces.

Inventory:

Hand Weapons
 a - a +0 war axe
Missiles
 g - 118 stones (quivered)
Armour
 b - a +0 scale mail (worn)
 c - a +0 shield (worn)
Magical Staves
 k - an uncursed staff of power (weapon)
Jewellery
 s - a +4 ring of dexterity (left hand)
Wands
 m - a wand of frost (48)
Scrolls
 f - a scroll of recharging
 j - 5 scrolls of identify {unknown}
 l - a scroll of blinking {unknown}
 n - a scroll of magic mapping {unknown}
 o - 2 scrolls of amnesia {unknown}
 q - a scroll of immolation {unknown}
 t - 2 scrolls of fear
 u - 2 scrolls of enchant weapon
Potions
 d - a potion of might
 i - 2 potions of curing {unknown}
 r - a potion of resistance {unknown}
 w - a potion of cancellation {unknown}
 x - a potion of haste {unknown}
 A - a potion of agility {unknown}
Comestibles
 e - 2 bread rations
 h - 3 beef jerkies
 p - 2 meat rations
 v - a royal jelly
 z - 5 chunks of flesh


   Skills:
 - Level 5.4 Fighting
 - Level 3.9 Axes
 * Level 1.8 Throwing
 - Level 4.4 Armour
 - Level 3.8 Shields


You had 4 spell levels left.
You didn't know any spells.

Dungeon Overview and Level Annotations

Branches:
Dungeon (4/15)
 Temple: D:4-7

Altars:
Qazlal


Innate Abilities, Weirdness & Mutations

You reflexively headbutt those who attack you in melee.
You have a pair of horns on your head.


Message History

* * * LOW HITPOINT WARNING * * *
The orc hits you with a dagger.
* * * LOW HITPOINT WARNING * * *
The orc closely misses you. You block the orc priest's attack.
You hit the orc priest.
The orc priest is heavily wounded.
The orc hits you but does no damage. The orc priest barely misses you.
Unknown command.
You hit the orc priest but do no damage.
The orc priest is heavily wounded.
The orc hits you but does no damage.
The orc priest invokes the aid of Beogh against you.
You barely resist.
Unknown command.
You hit the orc priest but do no damage.
The orc priest is heavily wounded.
You block the orc's attack.
The orc priest mumbles some strange prayers to Beogh against you.
Something smites you!
You die...

............#.###....
###.........#'####.##
#####.###........#
#.# ##.......## # #..
#..........# ### ...#
##'####....# ..#
#.........## ..#
##.####...... ..#
#...(@o...... ###
#.#.##o.....( #.#.#
....... #.#.. ..#....
#.#..#..# ...
#.#...... ..
#.#.<..... .
..##......


You could see an orc priest and an orc.

Vanquished Creatures
  A hound (D:4)
  An orc wizard (D:4)
  A worker ant (D:4)
  2 adders
  2 worms
  6 giant geckos
  4 orcs
  7 giant cockroaches
  5 goblins
  3 hobgoblins
  8 jackals
  12 kobolds
  A ball python (D:2)
  5 bats
  4 giant newts
  3 quokkas
  13 rats
78 creatures vanquished.

Vanquished Creatures (others)
  A rat (D:1)
1 creature vanquished.

Grand Total: 79 creatures vanquished

Notes
Turn   | Place    | Note
--------------------------------------------------------------
     0 | D:1      | xsubs0nicx the Minotaur Fighter began the quest for the Orb.
     0 | D:1      | Reached XP level 1. HP: 19/19 MP: 0/0
    91 | D:1      | Reached XP level 2. HP: 27/27 MP: 1/1
   121 | D:1      | Reached skill level 4 in Fighting
   891 | D:2      | Reached XP level 3. HP: 34/34 MP: 2/2
  1474 | D:2      | Reached skill level 5 in Fighting
  1539 | D:2      | Reached XP level 4. HP: 39/42 MP: 3/3
  1758 | D:3      | Found a faded altar to an unknown god.
  1770 | D:3      | Became a worshipper of Qazlal Stormbringer
  1770 | D:3      | Reached * piety under Qazlal
  2506 | D:4      | Reached XP level 5. HP: 34/48 MP: 4/4
  2604 | D:4      | Reached skill level 1 in Throwing
  2701 | D:4      | Killed from afar by an orc priest

Action                   |  1- 3 |  4- 6 || total
-------------------------+-------+-------++-------
Melee: War axe           |   100 |    33 ||   133
       Staff             |       |    52 ||    52
Throw: Stone             |       |     9 ||     9
  Use: Scroll            |       |     4 ||     4
  Eat: Chunk             |     2 |     4 ||     6
